 Dungeon Crawl Stone Soup version 0.22.0-38-g04b72b8c25 (webtiles) character file.

112867 Fymir27 the Fighter (level 16, -1/156 HPs)
             Began as a Naga Wizard on Aug 22, 2018.
             Was a High Priest of Sif Muna.
             Killed from afar by a nagaraja (42 damage)
             ... with an orb of energy
             ... on level 4 of the Snake Pit on Aug 28, 2018.
             The game lasted 06:20:37 (46113 turns).

Fymir27 the Fighter (Naga Wizard)                  Turns: 46113, Time: 06:20:38

Health: -1/156     AC: 17    Str: 12    XL:     16   Next: 61%
Magic:  26/31      EV: 10    Int: 24    God:    Sif Muna [*****.]
Gold:   1732       SH: 12    Dex: 12    Spells: 0/37 levels left

rFire    + . .     SeeInvis +   b - +3 eveningstar (flame)
rCold    + . .     Gourm    .   Q - +2 shield
rNeg     . . .     Faith    .   p - +1 robe {MR+}
rPois    +         Spirit   .   A - +1 hat
rElec    .         Reflect  .   F - scarf {rC+ rF+}
rCorr    .         Harm     .   o - +2 pair of gloves
MR       +++..                  j - +2 naga barding {Stlth+}
Stlth    ++++......             P - amulet of the acrobat
HPRegen  0.36/turn              U - ring of wizardry
MPRegen  0.22/turn              z - +3 ring of dexterity

@: lethally poisoned (-1 -> -8), very slow
A: large, see invisible, deformed body, poison resistance, slowness 2, slow
metabolism 1, spit poison 1, constrict 1, AC +5
a: Spit Poison, Divine Energy, Channel Magic, Forget Spell, Renounce Religion


You were on level 4 of the Snake Pit.
You worshipped Sif Muna.
Sif Muna was extremely pleased with you.
You were not hungry.

You visited 5 branches of the dungeon, and saw 27 of its levels.

You collected 1992 gold pieces.
You spent 260 gold pieces at shops.

Inventory:

Hand Weapons
 b - a +3 eveningstar of flaming (weapon)
 x - a +0 trident of venom
 S - a +2 dagger of venom
Missiles
 q - 7 javelins (quivered)
 v - 6 steel tomahawks
 y - 2 throwing nets
Armour
 j - a +2 naga barding of stealth (worn)
 o - a +2 pair of gloves (worn)
 p - a +1 robe of magic resistance (worn)
 A - a +1 hat (worn)
 F - a scarf of resistance (worn)
 M - a +2 robe of cold resistance
 Q - a +2 shield (worn)
 X - a +1 robe of fire resistance
Magical Staves
 a - an uncursed staff of wizardry
Jewellery
 l - an uncursed amulet of the gourmand
 z - a +3 ring of dexterity (right hand)
 P - an amulet of the acrobat (around neck)
 U - a ring of wizardry (left hand)
 Z - an uncursed ring of positive energy
Wands
 n - a wand of iceblast (9)
 B - a wand of acid (3)
 E - a wand of enslavement (7)
 K - a wand of digging (20)
 L - a wand of paralysis (7)
Scrolls
 h - 3 scrolls of identify
 k - 3 scrolls of fog
 m - 2 scrolls of fear
 r - a scroll of enchant weapon
 u - 6 scrolls of remove curse
 G - 2 scrolls of blinking
 I - a scroll of magic mapping
 J - a scroll of silence
 O - 3 scrolls of teleportation
 V - a scroll of enchant armour
 W - 3 scrolls of amnesia
Potions
 c - a potion of brilliance
 e - 2 potions of agility
 f - 6 potions of haste
 g - 3 potions of resistance
 i - 2 potions of flight
 s - 2 potions of cancellation
 t - 3 potions of curing
 w - a potion of invisibility
 C - 6 potions of mutation
 D - a potion of heal wounds
 H - 2 potions of ambrosia
 R - 7 potions of might
 T - a potion of lignification
 Y - a potion of magic
Comestibles
 d - 38 rations


   Skills:
 * Level 13.1 Fighting
 - Level 3.0 Short Blades
 + Level 12.2 Maces & Flails
 - Level 6.0 Dodging
 - Level 5.3 Stealth
 - Level 9.0 Shields
 + Level 11.3 Spellcasting
 + Level 5.5 Conjurations
 - Level 2.0 Hexes
 - Level 1.0 Charms
 - Level 10.0 Summonings
 - Level 5.0 Translocations
 - Level 4.0 Air Magic
 - Level 8.0 Poison Magic
 - Level 6.0 Invocations


You couldn't memorise any spells.
You knew the following spells:

 Your Spells              Type           Power        Failure   Level  Hunger
a - Venom Bolt            Conj/Pois      #####.....   3%          5    ####...
b - Blink                 Tloc           N/A          1%          2    None
c - Shroud of Golubria    Chrm/Tloc      ####......   1%          2    None
d - Mephitic Cloud        Conj/Pois/Air  #####...     1%          3    None
e - Conjure Flame         Conj/Fire      ####....     1%          3    None
f - Animate Skeleton      Necr           N/A          1%          1    None
g - Slow                  Hex            ###.....     1%          2    None
h - Passage of Golubria   Tloc           N/A          2%          4    None
i - Summon Lightning Spi  Summ/Air       #####...     1%          4    None
j - Passwall              Tmut/Erth      ##......     2%          2    None
k - Shadow Creatures      Summ           N/A          4%          6    #####..
l - Magic Dart            Conj           ####         1%          1    None
m - Poisonous Vapours     Pois/Air       #####.       1%          2    None

Your spell library contained the following spells:

 Spells                   Type           Power        Failure   Level  Hunger
 Apportation              Tloc           #####.       1%          1    None
 Beastly Appendage        Tmut           ##....       1%          1    None
 Confusing Touch          Hex            ###...       1%          1    None
 Sandblast                Erth           ##....       1%          1    None
 Shock                    Conj/Air       ####         1%          1    None
 Sting                    Conj/Pois      ####         1%          1    None
 Summon Small Mammal      Summ           ####         1%          1    None
 Call Imp                 Summ           ######..     1%          2    None
 Searing Ray              Conj           #####.       1%          2    None
 Call Canine Familiar     Summ           ######..     1%          3    None
 Dazzling Spray           Conj/Hex       ####..       1%          3    None
 Gell's Gravitas          Tloc           #####.....   1%          3    None
 Lesser Beckoning         Tloc           #####.....   1%          3    None
 Recall                   Summ/Tloc      N/A          1%          3    None
 Spider Form              Tmut/Pois      ####......   1%          3    None
 Static Discharge         Conj/Air       #####...     1%          3    None
 Stone Arrow              Conj/Erth      ####..       1%          3    None
 Summon Guardian Golem    Hex/Summ       #####...     1%          3    None
 Teleport Other           Tloc           #####...     1%          3    None
 Iskenderun's Mystic Bla  Conj           #####...     1%          4    None
 Olgreb's Toxic Radiance  Pois           ######..     1%          4    None
 Aura of Abjuration       Summ           ######....   1%          5    ####...
 Summon Demon             Summ           ######....   1%          5    ####...
 Sticks to Snakes         Tmut           ##......     2%          2    None
 Force Lance              Conj/Tloc      #####...     2%          4    None
 Summon Ice Beast         Ice/Summ       #####...     2%          4    None
 Summon Forest            Summ/Tloc      #####.....   2%          5    ####...
 Fulminant Prism          Conj/Hex       ####......   4%          4    None
 Summon Mana Viper        Hex/Summ       #####...     4%          5    ####...
 Ice Form                 Ice/Tmut       ##......     19%         4    None
 Petrify                  Tmut/Erth      ##......     19%         4    None
 Lee's Rapid Deconstruct  Erth           ##........   45%         5    ####...
 Freezing Cloud           Conj/Ice/Air   ####......   56%         6    #####..
 Statue Form              Tmut/Erth      ##.......    94%         6    #####..


Dungeon Overview and Level Annotations

Branches:
Dungeon (15/15)            Temple (1/1) D:6            Lair (6/6) D:10
 Shoals (0/4) Lair:2        Snake (4/4) Lair:2        Slime (0/5) Lair:6
    Orc (1/2) D:9          Vaults (0/5) D:13         Depths (0/5) D:15

Altars:
Ashenzari
Cheibriados
Dithmenos
Elyvilon
Fedhas
Gozag
Hepliaklqana
Kikubaaqudgha
Makhleb
Nemelex Xobeh
Okawaru
Qazlal
Ru
Sif Muna
Trog
Uskayaw
Vehumet
Wu Jian
Xom
Yredelemnul
Zin
The Shining One

Shops:
D:4 }   D:5 ?   D:11 *

Annotations:
D:11 2 transporters, Elric's ghost, journeyman DsFi
Lair:6 2 transporters, Burgietje's ghost, journeyman GrFi


Innate Abilities, Weirdness & Mutations

You cannot wear boots.
Your serpentine skin is tough. (AC +5)
You have supernaturally acute eyesight. (SInv)
Armour fits poorly on your strangely shaped body.
Your system is resistant to poisons. (rPois)
You cover ground very slowly.
You have a slow metabolism.
You can spit poison.
You can use your snake-like lower body to constrict enemies.


Message History

The poison arrow hits you!
You are more poisoned.
You partially resist.
* * * LOW HITPOINT WARNING * * *
You feel sick.
The nagaraja points at you and mumbles some strange words.
The bolt of poison misses you.
Your lightning spire shoots out a bolt of lightning at the nagaraja!
The bolt of electricity hits the nagaraja.
There is an open door, spattered with blood here.
Items here: ( ))))) [[ Throwing (i - inventory. (/) - cycle)
q - 8 javelins (quivered)
Press: ? - help, Shift-Dir - straight line, f - nagaraja
Aim: a nagaraja, wielding a whip and wearing a robe (almost dead, fast)
You throw a javelin. The javelin hits the nagaraja.
The nagaraja is almost dead.
You feel sick.
The nagaraja gestures at you while chanting.
The orb of energy hits you!
You die...

#)..#########+#......
#.((.(.............).
#.(.................<
#(N..)...............
#.).###############..
#..(#.............#..
#.8)#......)......#..
#...#.)(()[(.(<...#..
#...@........[[...#..
#...#..)....(.....#..
#...#.........[...#..
#...#.............#..
#...#.......((....#..
#...#######'##'####..
#....................
#..................
#....................


You could see a nagaraja and a friendly lightning spire.

Vanquished Creatures
  Rupert (Snake:1)
  Kirke (D:15)
  Agnes (Snake:2)
  2 nagarajas (Snake:4)
  Snorg (D:15)
  Fannar (Lair:1)
  4 vault guards
  Harold (D:9)
  8 naga warriors
  A hydra (D:12)
  5 anacondas
  3 centaur warriors (D:15)
  3 two-headed ogres
  An ogre mage (D:14)
  3 death yaks (Lair:6)
  7 naga sharpshooters
  9 shock serpents
  Urug (Lair:1)
  Nergalle (D:10)
  3 unseen horrors
  3 naga ritualists (Snake:4)
  2 orc knights
  Pikel (D:5)
  6 mana vipers
  An oklob plant (Lair:6)
  10 salamanders
  A deep elf mage (D:14)
  11 ugly things
  A salamander (shapeshifter) (D:8)
  2 manticores
  2 centaur zombies
  A guardian serpent (Snake:3)
  4 cyclopes
  14 black mambas
  Joseph (D:9)
  3 centaur skeletons (D:15)
  5 naga magi
  2 gargoyles
  4 spiny frogs
  3 komodo dragons
  A freezing wraith (D:14)
  A yaktaur (D:15)
  A tengu conjurer (D:15)
  A meliai (D:13)
  4 trolls
  3 hornets
  A wolf spider simulacrum (D:13)
  13 blink frogs
  4 slime creatures
  A dream sheep (Lair:6)
  5 hippogriffs
  A snapping turtle (Lair:2)
  2 wyverns
  A shadow (D:15)
  6 spriggans (Lair:6)
  A steam dragon (D:10)
  19 yaks
  Grum (Lair:1)
  4 hungry ghosts
  5 vampire mosquitoes
  2 hogs (D:15)
  Edmund (D:6)
  13 nagas
  12 water moccasins
  2 wargs
  Menkaure (D:5)
  A slave (D:5)
  5 porcupines
  2 ice beasts
  4 black bears
  3 necrophages
  3 sky beasts
  A boggart (Lair:6)
  6 orc warriors
  12 wolves
  A phantom (D:12)
  5 ogres
  9 centaurs
  6 crocodiles
  11 bullfrogs
  5 big kobolds
  2 gnoll sergeants
  6 scorpions
  2 wyvern skeletons (D:13)
  6 killer bees
  6 wights
  5 electric eels
  7 howler monkeys
  7 crimson imps
  5 bullfrog zombies
  A quasit (D:13)
  12 jellies
  4 hounds
  9 orc priests
  Crazy Yiuf (D:5)
  11 orc wizards
  A bullfrog skeleton (D:11)
  3 iguanas
  14 worker ants
  A killer bee zombie (D:6)
  2 hound zombies
  A hound skeleton (D:9)
  A worker ant zombie (D:8)
  11 gnolls
  9 adders
  8 shadow imps
  6 oozes
  A worm (D:3)
  3 dart slugs
  7 leopard geckos
  58 orcs
  2 giant cockroaches
  4 goblins
  7 hobgoblins
  A jackal (D:4)
  30 kobolds
  5 quokkas
  11 bats
  5 frilled lizards
  A jackal skeleton (D:4)
  2 quokka zombies
  5 rats
597 creatures vanquished.

Vanquished Creatures (collateral kills)
  A nagaraja (Snake:3)
  Roxanne (D:15)
  A yaktaur captain (D:14)
  4 vault guards (D:13)
  7 naga warriors (Snake:4)
  A hydra (Lair:6)
  A centaur warrior (D:15)
  An anaconda (Snake:4)
  A two-headed ogre (D:12)
  A death yak (Lair:6)
  A tengu warrior (D:15)
  2 shock serpents
  7 naga sharpshooters
  Sonja (Lair:3)
  A hell knight (D:15)
  A salamander mystic (Snake:3)
  5 naga ritualists
  4 mana vipers
  3 ugly things (D:14)
  6 salamanders
  A deep elf mage (D:15)
  3 oklob plants
  5 cyclopes
  6 black mambas
  12 naga magi
  2 gargoyles
  3 spiny frogs
  3 kobold demonologists
  2 trolls
  2 meliai (D:13)
  2 polar bears (Lair:6)
  2 hornets (Lair:6)
  14 slime creatures
  2 dream sheep (Lair:6)
  7 blink frogs
  3 hippogriffs
  A shadow (D:8)
  4 yaks
  6 spriggans (Lair:6)
  3 basilisks
  A hog (D:15)
  3 vampire mosquitoes
  A warg (shapeshifter) (D:15)
  35 nagas
  2 water moccasins
  2 porcupines (Lair:5)
  4 orc warriors
  3 black bears (Lair:6)
  12 wolves (Lair:6)
  2 eyes of draining
  A phantom (D:15)
  7 centaurs
  An ogre (D:14)
  3 boggarts (Lair:6)
  5 necrophages (Lair:5)
  2 crocodiles
  3 big kobolds
  A bullfrog (D:15)
  8 wights
  A quasit (D:13)
  A bullfrog zombie (D:13)
  3 centaur skeletons
  Jessica (D:2)
  An iguana (D:14)
  2 orc wizards
  A worker ant (D:12)
  A gnoll (D:2)
  An adder (D:2)
  A worm (D:2)
  A leopard gecko (D:2)
  6 orcs
  8 kobolds
  A ball python skeleton (D:4)
  3 fungi (Lair:6)
261 creatures vanquished.

Vanquished Creatures (others)
  An unseen horror (D:15)
  3 slaves (D:5)
  Blork the orc (D:5)
  An orc priest (D:5)
  An adder (D:5)
  A worm (D:5)
  An orc (D:5)
  A bush (Snake:4)
  37 fungi
  23 plants
70 creatures vanquished.

Grand Total: 928 creatures vanquished

Notes
Turn   | Place    | Note
-------+----------+-------------------------------------------
     0 | D:1      | Fymir27 the Naga Wizard began the quest for the Orb.
     0 | D:1      | Reached XP level 1. HP: 15/15 MP: 4/4
   472 | D:1      | Reached XP level 2. HP: 24/24 MP: 1/6
   477 | D:1      | Learned a level 2 spell: Blink
   480 | D:1      | Learned a level 2 spell: Call Imp
   801 | D:1      | Reached skill level 1 in Fighting
  1315 | D:1      | Reached XP level 3. HP: 31/31 MP: 3/7
  1359 | D:2      | Learned a level 3 spell: Mephitic Cloud
  1421 | D:2      | Found a glowing golden altar of the Shining One.
  1736 | D:2      | Found an ancient bone altar of Kikubaaqudgha.
  1737 | D:2      | Found a blossoming altar of Fedhas.
  1932 | D:2      | Reached skill level 1 in Poison Magic
  2024 | D:2      | Reached XP level 4. HP: 38/38 MP: 6/8
  2163 | D:2      | Noticed Jessica
  2186 | D:2      | Killed Jessica
  2564 | D:3      | Reached skill level 2 in Fighting
  2606 | D:3      | Found a basalt altar of Yredelemnul.
  2707 | D:2      | Reached skill level 1 in Air Magic
  2707 | D:2      | Reached XP level 5. HP: 34/45 MP: 1/9
  3039 | D:3      | Found a glowing golden altar of the Shining One.
  3647 | D:4      | Noticed an ogre
  3652 | D:4      | Killed an ogre
  3652 | D:4      | Reached XP level 6. HP: 55/55 MP: 6/11
  3847 | D:4      | Found Juet's Gadget Emporium.
  4072 | D:4      | Learned a level 3 spell: Conjure Flame
  4260 | D:4      | Found a white marble altar of Elyvilon.
  4260 | D:4      | Found a faded altar of an unknown god.
  4265 | D:4      | Found a faded altar of an unknown god.
  4268 | D:4      | Found a sparkling altar of Nemelex Xobeh.
  4269 | D:4      | Found a shattered altar of Ashenzari.
  4764 | D:5      | Entered Level 5 of the Dungeon
  4768 | D:5      | Noticed a slave
  5047 | D:4      | Reached skill level 3 in Fighting
  5047 | D:4      | Reached skill level 1 in Short Blades
  5047 | D:4      | Reached XP level 7. HP: 62/62 MP: 6/12
  5191 | D:5      | Noticed Pikel
  5206 | D:5      | Noticed Blork the orc
  5222 | D:5      | Killed Pikel
  5222 | D:5      | Reached XP level 8. HP: 72/72 MP: 2/14
  5303 | D:4      | Learned a level 2 spell: Shroud of Golubria
  5315 | D:5      | Killed Blork the orc
  5380 | D:5      | Noticed Menkaure
  5551 | D:5      | Reached skill level 4 in Fighting
  6042 | D:5      | Found Xuochi's Magic Scroll Boutique.
  6056 | D:5      | Bought a scroll of identify for 20 gold pieces
  6056 | D:5      | Bought a scroll of identify for 20 gold pieces
  6056 | D:5      | Bought a scroll of teleportation for 30 gold pieces
  6056 | D:5      | Bought a scroll of identify for 20 gold pieces
  6056 | D:5      | Bought a scroll of noise for 10 gold pieces
  6056 | D:5      | Bought a scroll of identify for 20 gold pieces
  6056 | D:5      | Bought a scroll of identify for 20 gold pieces
  6056 | D:5      | Bought a scroll of teleportation for 30 gold pieces
  6129 | D:5      | Learned a level 2 spell: Slow
  6251 | D:5      | Reached skill level 5 in Conjurations
  6426 | D:5      | Killed Menkaure
  6478 | D:5      | Found a runed door.
  6482 | D:5      | Noticed Crazy Yiuf
  6495 | D:5      | Killed Crazy Yiuf
  6649 | D:6      | Noticed Edmund
  6707 | D:6      | Killed Edmund
  6707 | D:6      | Reached skill level 1 in Maces & Flails
  6707 | D:6      | Reached skill level 1 in Hexes
  6707 | D:6      | Reached skill level 1 in Charms
  6707 | D:6      | Reached skill level 5 in Poison Magic
  6710 | D:6      | Reached skill level 5 in Spellcasting
  6890 | D:6      | Noticed a hippogriff
  6899 | D:6      | Reached XP level 9. HP: 59/78 MP: 10/16
  7134 | D:6      | Reached skill level 5 in Fighting
  7241 | D:6      | Found a staircase to the Ecumenical Temple.
  7247 | Temple   | Entered the Ecumenical Temple
  7451 | Temple   | Became a worshipper of Sif Muna the Loreminder
  8038 | D:7      | Learned a level 4 spell: Passage of Golubria
  8135 | D:7      | Got a polished chain mail
  8136 | D:7      | Identified the +1 chain mail "Uwobetoij" {rPois Int+4} (You found it on level 7 of the Dungeon)
  8863 | D:8      | Found a shadowy altar of Dithmenos.
  8863 | D:8      | Found a sacrificial altar of Ru.
  8863 | D:8      | Found a hazy altar of Hepliaklqana.
  8868 | D:8      | Found a transporter.
  8868 | D:8      | Noticed a gargoyle
  8874 | D:8      | Noticed an unseen horror
  8874 | D:8      | a hog changed into an unseen horror
  8957 | D:8      | Reached skill level 1 in Shields
  9217 | D:8      | Found a hide-covered altar of Uskayaw.
  9250 | D:8      | Reached skill level 6 in Fighting
  9391 | D:8      | Found a transporter.
  9694 | D:9      | Reached * piety under Sif Muna
  9694 | D:9      | Reached XP level 10. HP: 89/89 MP: 7/19
 10029 | D:9      | Noticed Joseph
 10058 | D:9      | Killed Joseph
 10149 | D:9      | Found a staircase to the Orcish Mines.
 10229 | D:9      | Noticed Harold
 10255 | D:9      | Killed Harold
 10255 | D:9      | Reached skill level 5 in Maces & Flails
 10614 | D:9      | Found a burning altar of Makhleb.
 10949 | D:10     | Entered Level 10 of the Dungeon
 10964 | D:10     | Found a staircase to the Lair.
 10999 | D:10     | Reached skill level 7 in Fighting
 11952 | D:10     | Reached XP level 11. HP: 98/98 MP: 0/22
 12163 | D:10     | Reached ** piety under Sif Muna
 13027 | Lair:1   | Entered Level 1 of the Lair of Beasts
 13277 | Lair:1   | Noticed Urug
 13294 | D:10     | Reached skill level 8 in Fighting
 13587 | Lair:1   | Killed Urug
 13587 | Lair:1   | Reached skill level 5 in Translocations
 13689 | Lair:1   | Learned a level 4 spell: Summon Lightning Spire
 13789 | Lair:1   | Noticed Nergalle
 13799 | Lair:1   | Noticed a spectral orc warlord
 14418 | D:11     | Found a transporter.
 14418 | D:11     | Noticed Elric's ghost (journeyman DsFi)
 14634 | D:11     | Found a transporter.
 15007 | D:11     | Found Zawaman's General Store.
 15015 | D:11     | Noticed a two-headed ogre
 15034 | D:11     | Noticed an unseen horror
 15420 | D:11     | Bought a scroll of blinking for 90 gold pieces
 15676 | D:11     | Killed a two-headed ogre
 15866 | Lair:1   | Noticed Fannar
 16223 | D:10     | Killed Nergalle
 16223 | D:10     | Reached *** piety under Sif Muna
 16223 | D:10     | Reached skill level 5 in Stealth
 16480 | Lair:1   | Killed Fannar
 16480 | Lair:1   | Reached skill level 9 in Fighting
 16480 | Lair:1   | Reached XP level 12. HP: 63/114 MP: 7/24
 16837 | Lair:1   | Noticed Grum
 16852 | Lair:1   | Killed Grum
 17773 | Lair:2   | Found a staircase to the Snake Pit.
 17959 | Lair:2   | Found a staircase to the Shoals.
 18125 | Lair:2   | Reached skill level 1 in Invocations
 18919 | Lair:3   | Noticed Sonja
 18947 | Lair:3   | Killed Sonja
 19185 | Lair:3   | Reached **** piety under Sif Muna
 19703 | Lair:4   | Got a pitted bronze amulet
 19704 | Lair:4   | Identified the amulet "Wugiuh" {Spirit -Tele Int+4 Dex+3 Stlth+} (You found it on level 4 of the Lair of Beasts)
 20111 | Lair:4   | Reached skill level 5 in Summonings
 21128 | Lair:5   | Learned a level 2 spell: Passwall
 21317 | Lair:5   | Got an ichor-stained dire flail
 21324 | Lair:5   | Identified the +3 dire flail "Vic Kipp" {speed, Int+2 Dex+3 Stlth+} (You found it on level 5 of the Lair of Beasts)
 21854 | Orc:1    | Entered Level 1 of the Orcish Mines
 22483 | D:12     | Noticed an eight-headed hydra
 22496 | D:12     | Killed an eight-headed hydra
 22505 | D:12     | Gained mutation: You can use your snake-like lower body to constrict enemies. [Naga growth]
 22505 | D:12     | Reached XP level 13. HP: 43/122 MP: 7/26
 23845 | D:12     | Reached skill level 10 in Fighting
 24611 | D:13     | Noticed a vault guard
 24612 | D:13     | Noticed a vault guard
 24613 | D:13     | Noticed a vault guard
 24615 | D:13     | Noticed a vault guard
 24615 | D:13     | Noticed a vault guard
 24616 | D:13     | Noticed a vault guard
 24624 | D:13     | Killed a vault guard
 24635 | D:13     | Noticed a vault guard
 24644 | D:12     | Killed a vault guard
 24800 | D:13     | Killed a vault guard
 24815 | D:13     | Killed a vault guard
 24845 | D:13     | Killed a vault guard
 25414 | D:13     | Killed a vault guard
 25414 | D:13     | Reached skill level 5 in Dodging
 25425 | D:13     | Noticed a vault guard
 25558 | D:13     | Killed a vault guard
 25776 | D:13     | Killed a vault guard
 25855 | D:13     | Found a gate to the Vaults.
 25866 | D:13     | Reached ***** piety under Sif Muna
 25866 | D:13     | Reached skill level 5 in Invocations
 26201 | D:13     | Found a deep blue altar of Sif Muna.
 26318 | D:13     | Reached skill level 10 in Maces & Flails
 26816 | D:13     | Learned a level 6 spell: Shadow Creatures
 26846 | D:13     | Reached skill level 10 in Spellcasting
 27618 | D:14     | Noticed Snorg
 27775 | D:14     | Received a gift from Sif Muna
 27827 | D:14     | Learned a level 1 spell: Animate Skeleton
 28309 | D:14     | Reached XP level 14. HP: 74/132 MP: 11/28
 28591 | D:14     | Found a stormy altar of Qazlal.
 28992 | D:15     | Entered Level 15 of the Dungeon
 29059 | D:15     | Noticed Roxanne
 30470 | D:14     | Reached skill level 11 in Fighting
 30792 | Lair:6   | Entered Level 6 of the Lair of Beasts
 30825 | Lair:6   | Found a transporter.
 30828 | Lair:6   | Noticed Burgietje's ghost (journeyman GrFi)
 30923 | Lair:6   | Found a transporter.
 31130 | D:8      | Got a shadowed robe
 31142 | D:8      | Identified the +2 robe of Absolutism {*Contam rPois Str+8 Int-2} (You found it on level 8 of the Dungeon)
 31350 | Lair:6   | Found a staircase to the Slime Pits.
 33144 | Lair:6   | Reached skill level 5 in Shields
 34591 | D:15     | Killed Snorg
 34591 | D:15     | Reached skill level 10 in Summonings
 34817 | D:15     | Identified Edened's Guide on Attacks (Sif Muna gifted it to you on level 15 of the Dungeon)
 34817 | D:15     | Received a gift from Sif Muna
 34828 | D:15     | Reached XP level 15. HP: 138/142 MP: 15/29
 36686 | D:15     | Killed Roxanne
 36687 | D:15     | Identified Roxanne's Almanac of Transmigration (You took it off Roxanne on level 15 of the Dungeon)
 36767 | D:15     | Found a staircase to the Depths.
 36772 | D:15     | Noticed Kirke
 36782 | D:15     | Noticed a sphinx
 36794 | D:15     | Killed Kirke
 37231 | Lair:1   | Upgraded the game from 0.22.0-27-ga576289601 to 0.22.0-35-ge4bf2f5f59
 37427 | Snake:1  | Entered Level 1 of the Snake Pit
 37880 | Snake:1  | Noticed Rupert
 37894 | Snake:1  | Killed Rupert
 38377 | Snake:1  | Reached skill level 12 in Fighting
 39596 | Snake:2  | Noticed Agnes
 39621 | Snake:2  | Killed Agnes
 40649 | Snake:3  | Noticed a nagaraja
 40666 | Snake:3  | Killed a nagaraja
 41066 | Snake:2  | Upgraded the game from 0.22.0-35-ge4bf2f5f59 to 0.22.0-38-g04b72b8c25
 41968 | Snake:3  | Identified the +0 chain mail of Weightlessness {Regen+} (You found it on level 3 of the Snake Pit)
 42238 | Snake:3  | Reached XP level 16. HP: 128/153 MP: 27/30
 43231 | Snake:2  | Learned a level 5 spell: Venom Bolt
 43982 | Snake:4  | Entered Level 4 of the Snake Pit
 44497 | Snake:4  | Noticed a nagaraja
 44768 | Snake:4  | Killed a nagaraja
 45171 | Snake:4  | Identified Sif Muna's Papyrus of Envenoming (Sif Muna gifted it to you on level 4 of the Snake Pit)
 45171 | Snake:4  | Received a gift from Sif Muna
 45181 | Snake:4  | Learned a level 2 spell: Poisonous Vapours
 45264 | Snake:4  | Noticed a nagaraja
 45285 | Snake:4  | Killed a nagaraja
 45596 | Snake:4  | Reached skill level 13 in Fighting
 46102 | Snake:4  | Noticed a nagaraja
 46113 | Snake:4  | Killed from afar by a nagaraja

Skill      XL: |  1  2  3  4  5  6  7  8  9 10 11 12 13 14 15 16 |
---------------+-------------------------------------------------+-----
Fighting       | 1 2 3 4 6 7 9 10 11 12 13 | 13.1
Conjurations   | 2 3 4 5 |  5.5
Poison Magic   | 1 2 3 4 5 7 8 |  8.0
Air Magic      | 1 2 3 4 |  4.0
Short Blades   | 1 2 3 |  3.0
Spellcasting   | 4 5 6 7 8 9 10 11 | 11.3
Translocations | 2 3 4 5 |  5.0
Maces & Flails | 1 4 6 7 9 10 11 12 | 12.2
Hexes          | 1 2 |  2.0
Charms         | 1 |  1.0
Dodging        | 2 3 4 5 6 |  6.0
Shields        | 2 6 8 9 |  9.0
Summonings     | 3 5 8 10 | 10.0
Stealth        | 5 |  5.3
Invocations    | 3 5 6 |  6.0

Action                   |  1- 3 |  4- 6 |  7- 9 | 10-12 | 13-15 | 16-18 || total
-------------------------+-------+-------+-------+-------+-------+-------++-------
Melee: Unarmed           |     1 |       |       |       |       |       ||     1
       Club              |     3 |       |       |       |       |       ||     3
       Dagger            |     1 |       |    33 |   360 |    93 |    28 ||   515
       Mace              |     6 |     1 |       |       |       |       ||     7
       Short sword       |       |    57 |   103 |       |       |       ||   160
       Whip              |       |       |    77 |    90 |       |       ||   167
       Spear             |       |       |     5 |       |       |       ||     5
       Flail             |       |       |     8 |    19 |       |       ||    27
       Eveningstar       |       |       |       |   168 |   246 |   125 ||   539
       Staff             |       |       |       |     9 |     9 |       ||    18
       Dire flail        |       |       |       |    30 |   368 |       ||   398
       Constrict         |       |       |       |       |   154 |    38 ||   192
       Trident           |       |       |       |       |    10 |       ||    10
 Fire: Blowgun           |       |     4 |       |     2 |       |       ||     6
Throw: Javelin           |       |       |     9 |    14 |    18 |    36 ||    77
       Throwing net      |       |       |       |       |     1 |       ||     1
 Cast: Magic Dart        |    60 |   107 |   156 |   352 |   440 |    21 ||  1136
       Call Imp          |     6 |     8 |     5 |     6 |       |       ||    25
       Blink             |     1 |     1 |     4 |     7 |    14 |     1 ||    28
       Mephitic Cloud    |       |    15 |    44 |   129 |   129 |    14 ||   331
       Conjure Flame     |       |       |     2 |     5 |     6 |       ||    13
       Shroud of Golubri |       |       |       |     9 |     5 |     2 ||    16
       Summon Lightning  |       |       |       |    27 |   217 |    61 ||   305
       Passage of Golubr |       |       |       |     3 |     1 |       ||     4
       Slow              |       |       |       |     1 |       |       ||     1
       Shadow Creatures  |       |       |       |       |    18 |     3 ||    21
       Passwall          |       |       |       |       |     6 |       ||     6
       Animate Skeleton  |       |       |       |       |    62 |     2 ||    64
       Venom Bolt        |       |       |       |       |       |    27 ||    27
Invok: Forget Spell      |       |       |       |       |     1 |       ||     1
       Divine Energy     |       |       |       |       |     1 |       ||     1
       Stop Divine Energ |       |       |       |       |     1 |       ||     1
 Abil: Spit Poison       |       |       |    12 |    21 |       |     1 ||    34
Evoke: Wand              |       |       |    10 |    12 |    18 |       ||    40
  Use: Potion            |       |     2 |     3 |     2 |     5 |       ||    12
       Scroll            |       |     5 |    14 |    17 |    12 |       ||    48
 Stab: Sleeping          |     1 |     2 |     2 |     4 |     8 |     1 ||    18
       Confused          |       |     3 |    16 |    38 |    37 |     5 ||    99
       Paralysed         |       |       |     8 |    10 |     7 |       ||    25
       Distracted        |       |       |       |       |    17 |     9 ||    26
  Eat: Chunk             |     2 |     9 |    12 |    43 |    40 |     2 ||   108
       Ration            |       |       |     1 |     4 |     4 |     4 ||    13
Armor: Robe              |     7 |    26 |    60 |   230 |   191 |    62 ||   576
       Skin              |       |       |       |       |     5 |       ||     5
Dodge: Dodged            |    16 |    46 |    92 |   312 |   443 |    90 ||   999
Block: Buckler           |       |       |     4 |    95 |       |       ||    99
       Shield            |       |       |       |       |   192 |   138 ||   330
